 Dungeon Crawl Stone Soup version 0.26-a0-682-g294304f6e8 (webtiles) character file.

Game seed: 15763163555678998147

5697 robertstho the Thaumaturge (level 10, 0/52 HPs)
             Began as a Deep Elf Ice Elementalist on Oct 20, 2020.
             Was a Believer of Sif Muna.
             Slain by a cyan ugly thing (14 damage)
             ... on level 11 of the Dungeon.
             The game lasted 00:17:32 (12394 turns).

robertstho the Thaumaturge (DEIE)                  Turns: 12394, Time: 00:17:33

Health: 0/52       AC:  7    Str:  5    XL:     10   Next: 47%
Magic:  15/28      EV: 14    Int: 24    God:    Sif Muna [**....]
Gold:   645        SH:  0    Dex: 15    Spells: 19/34 levels left

rFire    + + .     SeeInvis .   J - +2 long sword (drain)
rCold    x . .     Faith    .   (no shield)
rNeg     . . .     Spirit   .   E - +0 steam dragon scales
rPois    .         Reflect  .   (no helmet)
rElec    .         Harm     .   B - +0 cloak
rCorr    .         Rampage  .   (no gloves)
MR       +....                  i - +0 pair of boots
Stlth    ++........             (no amulet)
HPRegen  0.17/turn              j - ring of fire
MPRegen  0.21/turn              K - ring of protection from fire

@: lightly drained
A: no striking features
a: Channel Magic, Renounce Religion


You were on level 11 of the Dungeon.
You worshipped Sif Muna.
Sif Muna was pleased with you.
You visited 2 branches of the dungeon, and saw 12 of its levels.

You collected 645 gold pieces.

Inventory:

Hand Weapons
 g - a +0 vorpal broad axe
 p - a +2 short sword of venom
 J - a +2 long sword of draining (weapon)
Missiles
 b - 19 boomerangs (quivered)
 d - 70 poisoned darts
 A - 3 throwing nets
Armour
 i - a +0 pair of boots (worn)
 B - a +0 cloak (worn)
 E - +0 steam dragon scales (worn)
Jewellery
 j - a ring of fire (left hand)
 K - a ring of protection from fire (right hand)
Wands
 y - a wand of acid (13)
 F - a wand of paralysis (24)
 I - a wand of flame (14)
Scrolls
 a - a scroll of magic mapping {unknown}
 c - 3 scrolls of amnesia {unknown}
 k - a scroll of fog {unknown}
 m - 8 scrolls of remove curse
 n - 4 scrolls of teleportation {unknown}
 o - a scroll of enchant armour {unknown}
 s - a scroll of noise {unknown}
 w - a scroll of immolation {unknown}
 x - 2 scrolls of enchant weapon
 C - a scroll of silence {unknown}
 D - 4 scrolls of blinking {unknown}
Potions
 e - a potion of cancellation {unknown}
 f - 4 potions of heal wounds
 h - 5 potions of stabbing
 l - a potion of flight
 r - a potion of degeneration {unknown}
 t - 2 potions of magic
 u - 4 potions of might
 v - 4 potions of brilliance
 z - a potion of invisibility
 G - a potion of mutation {unknown}
 H - 5 potions of lignification


   Skills:
 + Level 1.5(1.0) Fighting
 + Level 2.2(1.9) Short Blades
 + Level 0.8(1.0) Long Blades
 + Level 1.1(0.6) Axes
 + Level 4.0(3.5) Dodging
 + Level 3.5(3.0) Stealth
 * Level 12.8(12.1) Spellcasting
 + Level 3.2(2.7) Summonings
 * Level 11.0(10.3) Ice Magic
 * Level 5.3(4.8) Invocations


You had 19 spell levels left.
You knew the following spells:

 Your Spells              Type           Power        Failure   Level
a - Freeze                Ice            ####         1%          1
b - Frozen Ramparts       Ice            ######       1%          3
c - Ozocubu's Armour      Ice            ######..     1%          3
d - Hailstorm             Conj/Ice       #####...     4%          4
e - Summon Ice Beast      Ice/Summ       #####...     2%          4

Your spell library contained the following spells:

 Spells                   Type           Power        Failure   Level
 Call Imp                 Summ           ####....     1%          2
 Beastly Appendage        Tmut           ##....       4%          1
 Magic Dart               Conj           ##..         4%          1
 Ice Form                 Ice/Tmut       #####...     4%          4
 Blink                    Tloc           N/A          6%          2
 Slow                     Hex            ##......     6%          2
 Wereblood                Tmut           ##......     6%          2
 Confusing Touch          Hex            ##......     13%         3
 Conjure Flame            Conj/Fire      ###.....     13%         3
 Gell's Gravitas          Tloc           ##........   13%         3
 Mephitic Cloud           Conj/Pois/Air  ##......     13%         3
 Spider Form              Tmut/Pois      ##........   13%         3
 Metabolic Englaciation   Hex/Ice        #####.....   14%         5
 Petrify                  Tmut/Erth      ##......     38%         4
 Blade Hands              Tmut           ##........   75%         5
 Yara's Violent Unravell  Hex/Tmut       ##........   75%         5


Dungeon Overview and Level Annotations

Branches:
Dungeon (11/15)            Temple (1/1) D:5            Lair (0/6) D:9
    Orc (0/2) D:10

Altars:
Cheibriados
Dithmenos
Fedhas
Gozag
Hepliaklqana
Makhleb
Nemelex Xobeh
Okawaru
Qazlal
Sif Muna
Trog
Uskayaw
Xom
The Shining One

Annotations:
D:3 3 runed translucent doors, jasper's ghost, weakling DsBr


Message History

The wall freezes the orc!
You kill the orc!
Sif Muna accepts your kill.
You feel better.
The killer bee stings you but does no damage.
The wall freezes the killer bee.
The killer bee stings your ice beast but does no damage.
The wall freezes the killer bee.
The killer bee stings your ice beast.
Your ice beast closely misses the killer bee.
The frozen ramparts melt away.
The killer bee closely misses your ice beast.
The killer bee stings your ice beast but does no damage.
Your ice beast barely misses the killer bee.
As you read the scroll labeled ENUJUXT WITT, it crumbles to dust.
You feel blessed for a moment.
It was a scroll of remove curse.
The killer bee barely misses your ice beast.
The killer bee stings your ice beast. The cyan ugly thing pecks you!
* * * LOW HITPOINT WARNING * * *
The cyan ugly thing shocks you!
You die...

#........##. ...#
##.........# ...#####.
#.†......### ...###...
#.#.....#.## #..###...
#.........#.# ##.........
..#.........######o#........
......#####....##.#y........
......#####.....#uY#........
......#####.....@.†)).......
###...#####........)........
###...#####.................
.........................
........................
................#..##...
........#####...#### #..
........#####...# .#
.>......#####..


You could see a cyan ugly thing, a killer bee, an orc and a friendly ice beast
(summoned).

Vanquished Creatures
  Harold (D:8)
  An ugly thing (D:9)
  Psyche (D:9)
  A gargoyle (D:10)
  A basilisk (D:10)
  An ice beast (D:9)
  3 orc warriors
  2 sky beasts (D:8)
  An eye of draining (D:10)
  3 ogres
  A big kobold (D:10)
  4 bullfrogs
  A wyvern skeleton (D:10)
  Dowan (D:7)
  3 killer bees (D:11)
  4 howler monkeys
  7 hounds
  4 jellies
  6 orc priests
  8 orc wizards
  3 iguanas
  4 worker ants
  2 hound skeletons
  A hound zombie (D:8)
  8 gnolls
  9 adders
  A shadow imp (D:9)
  2 ufetubi
  An adder zombie (D:6)
  3 worms
  4 dart slugs
  5 leopard geckos
  41 orcs
  3 ball pythons
  5 bats
  A giant cockroach (D:4)
  6 goblins
  14 hobgoblins
  6 jackals
  3 quokkas
  4 frilled lizards
  10 kobolds
  5 rats
195 creatures vanquished.

Vanquished Creatures (collateral kills)
  Maggie (D:7)
  A troll (D:9)
  3 yaks (D:10)
  Duvessa (D:7)
  An orc warrior (D:9)
  A centaur (D:10)
  A water moccasin skeleton (D:6)
  A killer bee (D:11)
  3 wights (D:10)
  A nameless horror (D:9)
  4 electric eels (D:9)
  3 hounds (D:9)
  An orc wizard (D:9)
  A worker ant (D:10)
  2 white imps
  An adder skeleton (D:7)
  3 jackals (D:8)
29 creatures vanquished.

Grand Total: 224 creatures vanquished

Notes
Turn   | Place    | Note
-------+----------+-------------------------------------------
     0 | D:1      | robertstho the Deep Elf Ice Elementalist began the quest
                  | for the Orb.
     0 | D:1      | Reached XP level 1. HP: 10/10 MP: 6/6
   178 | D:1      | Reached XP level 2. HP: 15/15 MP: 2/8
   393 | D:1      | Reached skill level 5 in Ice Magic
  1152 | D:2      | Reached XP level 3. HP: 7/19 MP: 2/10
  1551 | D:2      | Found a faded altar of an unknown god.
  1710 | D:2      | Noticed an ogre
  1735 | D:1      | Learned a level 3 spell: Frozen Ramparts
  1739 | D:1      | Learned a level 3 spell: Ozocubu's Armour
  2063 | D:2      | Killed an ogre
  2063 | D:2      | Reached skill level 4 in Spellcasting
  2063 | D:2      | Reached XP level 4. HP: 24/24 MP: 5/12
  2063 | D:2      | Reached XP level 5. HP: 28/28 MP: 5/14
  2069 | D:2      | Learned a level 4 spell: Hailstorm
  2736 | D:3      | Reached skill level 5 in Spellcasting
  2760 | D:3      | Found a runed translucent gate.
  2760 | D:3      | Found a runed translucent gate.
  2760 | D:3      | Found a runed translucent gate.
  2765 | D:3      | Noticed jasper's ghost (weakling DsBr)
  3745 | D:4      | Noticed an ogre
  3763 | D:4      | Killed an ogre
  3763 | D:4      | Reached XP level 6. HP: 33/33 MP: 11/16
  3933 | D:4      | Reached skill level 6 in Spellcasting
  4734 | D:5      | Entered Level 5 of the Dungeon
  4740 | D:5      | Learned a level 4 spell: Summon Ice Beast
  4751 | D:5      | Reached skill level 7 in Spellcasting
  4751 | D:5      | Reached XP level 7. HP: 37/37 MP: 14/19
  4898 | D:5      | Found a staircase to the Ecumenical Temple.
  4914 | Temple   | Entered the Ecumenical Temple
  4928 | Temple   | Became a worshipper of Sif Muna the Loreminder
  5456 | D:5      | Reached skill level 1 in Fighting
  5456 | D:5      | Reached skill level 1 in Invocations
  5938 | D:6      | Reached skill level 8 in Spellcasting
  6550 | D:6      | Reached XP level 8. HP: 19/43 MP: 18/22
  7028 | D:6      | Found a burning altar of Makhleb.
  7165 | D:7      | Noticed Maggie
  7180 | D:7      | Killed Maggie
  7180 | D:7      | Reached skill level 1 in Short Blades
  7180 | D:7      | Reached skill level 9 in Spellcasting
  7219 | D:7      | Found a stormy altar of Qazlal.
  7254 | D:7      | Noticed Dowan
  7268 | D:7      | Killed Dowan
  7271 | D:7      | Noticed Duvessa
  7280 | D:7      | Killed Duvessa
  7511 | D:7      | You fall into a shaft and drop 1 floor!
  7574 | D:8      | Reached skill level 10 in Spellcasting
  7576 | D:8      | Reached * piety under Sif Muna
  7586 | D:8      | Reached XP level 9. HP: 26/47 MP: 16/25
  7847 | D:8      | Noticed Harold
  7859 | D:8      | Killed Harold
  7859 | D:8      | Reached skill level 1 in Summonings
  8146 | D:8      | Found a snail-covered altar of Cheibriados.
  8300 | D:9      | Noticed Psyche
  8310 | D:9      | Killed Psyche
  8310 | D:9      | Reached skill level 1 in Axes
  8310 | D:9      | Reached skill level 11 in Spellcasting
  8644 | D:9      | Noticed a purple ugly thing
  8665 | D:9      | Killed a purple ugly thing
  8851 | D:9      | Reached skill level 10 in Ice Magic
  8892 | D:9      | Reached skill level 12 in Spellcasting
  9555 | D:9      | Reached XP level 10. HP: 6/52 MP: 9/28
 10190 | D:9      | Found a staircase to the Lair.
 10617 | D:10     | Entered Level 10 of the Dungeon
 11120 | D:10     | Found a staircase to the Orcish Mines.
 11123 | D:10     | Noticed a gargoyle
 11130 | D:10     | Reached skill level 5 in Invocations
 11131 | D:10     | Killed a gargoyle
 11131 | D:10     | Reached ** piety under Sif Muna
 12379 | D:11     | Noticed a cyan ugly thing
 12394 | D:11     | Slain by a cyan ugly thing

Illustrated notes

Levels and vault maps discovered:
D:1:      lemuel_arrival_hallway, layout_basic, minmay_close_crescents
D:2:      layout_basic, chequers_ecumenical_altar_simple
D:3:      layout_loops_cross, gammafunk_ghost_necromancy
D:4:      layout_basic
D:5:      layout_basic, temple_statues, hex_tiny
D:6:      layout_basic, lemuel_crystal_altar
D:7:      layout_loops_ring, grunt_qazlal_sundering, uniq_maggie, uniq_joseph,
          uniq_duvessa
D:8:      layout_rooms, cheibriados_altar_1, uniq_harold
D:9:      layout_loops_ring, erik_lair_island, minivault_20, uniq_psyche
D:10:     layout_grid_maze, orc_0_dummy
D:11:     layout_big_octagon, serial_bayou_pond_d, uniq_josephine,
          uniq_nergalle, uniq_grum, uniq_urug
Temple:   nicolae_temple_the_god_donut

Skill      XL: |  1  2  3  4  5  6  7  8  9 10 |
---------------+-------------------------------+-----
Ice Magic      | 5 6 7 8 10 11 | 11.0
Spellcasting   | 4 5 7 8 10 12 | 12.8
Dodging        | 3 4 |  4.0
Fighting       | 1 |  1.5
Stealth        | 3 |  3.5
Invocations    | 2 3 4 5 |  5.3
Short Blades   | 1 2 |  2.2
Summonings     | 1 3 |  3.2
Axes           | 1 |  1.1
Long Blades    | |  0.8

Action                   |  1- 3 |  4- 6 |  7- 9 | 10-12 || total
-------------------------+-------+-------+-------+-------++-------
Melee: Unarmed           |     1 |       |       |       ||     1
       Dagger            |    57 |     8 |       |       ||    65
       Short sword       |       |    13 |    51 |       ||    64
       Broad axe         |       |       |     7 |       ||     7
       Long sword        |       |       |    10 |    12 ||    22
 Cast: Freeze            |    39 |     3 |     7 |     1 ||    50
       Frozen Ramparts   |     1 |    33 |    38 |    17 ||    89
       Summon Ice Beast  |       |       |    26 |    28 ||    54
       Hailstorm         |       |       |       |     3 ||     3
  Use: Potion            |     1 |       |       |     1 ||     2
       Scroll            |       |       |     8 |     4 ||    12
 Stab: Sleeping          |     2 |       |     1 |       ||     3
Armor: Robe              |    14 |     6 |    12 |       ||    32
       Steam dragon scal |       |       |     7 |    14 ||    21
Dodge: Dodged            |    55 |    25 |    78 |    38 ||   196
       Rpst.: Long sword |       |       |     7 |     8 ||    15

Table legend: (Time is in decaauts)
 A = Elapsed time spent in this place.
 B = Non-inter-level travel time spent in this place.
 C = Inter-level travel time spent in this place.
 D = Time resting spent in this place.
 E = Time spent auto-exploring this place.
 F = Levels seen in this place.
 G = Mean time per level.
                   A        B        C        D        E       F      G
               +--------+--------+--------+--------+--------+-----+--------+
         Total |  12409 |  12150 |    259 |   1651 |   8666 |  12 | 1034.1 |
       Dungeon |  12382 |  12135 |    247 |   1651 |   8654 |  11 | 1125.6 |
        Temple |     26 |     14 |     12 |      0 |     12 |   1 |   26.0 |
               +--------+--------+--------+--------+--------+-----+--------+

Top non-repeatable levels by time:
     D:9: 2323 daAuts
    D:10: 1718 daAuts
     D:6: 1381 daAuts
     D:2: 1345 daAuts
     D:1: 1251 daAuts
     D:3: 1144 daAuts
     D:5: 1011 daAuts
     D:4: 993 daAuts
     D:8: 790 daAuts
     D:7: 360 daAuts
    D:11: 61 daAuts
  Temple: 26 daAuts
